Construct Section Command Post
Selects Indian Artillery Battlegroup
Construct Platoon Command Post
Selects Artillery Saturation
Selects Towed ML 4.2-inch Heavy Mortar
Unlock Bishop Self-propelled Artillery
Bishop Self-propelled Artillery
Construct Field Infirmary
Selects Off-map Airburst Barrage
6-pounder Anti-tank Gun Team
Construct Company Command Post
Selects BL5.5 Artillery Emplacement
Selects Gurkha Rifles Section